AoeStats
← O.KIRA

Arabia

506516440Analyzed
2v2 RM · 18d ago on Sep 13, 2026· 43m 24s· 4 players
Game mode
Random Map
Map size
Medium (4 player)
Population
200
Speed
Normal
Resources
Standard
Victory
Conquest
Starting age
Dark Age
Ending age
Imperial Age
RankedLock teamsTeams togetherTeam positionsShared explorationLock speedFull tech treeHidden civsTurbo modeCheats
Victory
Defeat
🇦🇷 Teutons · Argentina
1081
+16
🇦🇷 Ethiopians · Argentina
1041
+17
🇹🇷 Khmer · Türkiye
1095
-17
🇪🇬 Vietnamese · Egypt
1068
-16
gus_benja
7:37 Loom
10:18 Feudal Age
11:03 Double-Bit Axe
19:32 Fletching
23:01 Castle Age
21:55 Padded Archer Armor
22:46 Gold Mining
22:57 Horse Collar
23:12 Crossbowman
28:14 Thumb Ring
32:05 Leather Archer Armor
33:10 Ballistics
35:30 Bodkin Arrow
41:02 Wheelbarrow
PoloGarate
1:08 Loom
10:05 Feudal Age
13:40 Wheelbarrow
13:20 Double-Bit Axe
16:16 Town Watch
17:06 Horse Collar
21:17 Castle Age
20:16 Scale Barding Armor
21:07 Gold Mining
21:30 Forging
21:38 Bloodlines
22:46 Chain Barding Armor
24:08 Bow Saw
25:21 Heavy Plow
37:08 Iron Casting
39:16 Imperial Age
39:44 Town Patrol
40:35 Plate Barding Armor
41:01 Blast Furnace
39:32 Cavalier
40:18 Cavalier
42:42 Hand Cart
O.KIRA
9:01 Feudal Age
10:45 Bloodlines
22:48 Castle Age
22:50 Elite Skirmisher
23:46 Light Cavalry
24:44 Town Watch
25:36 Wheelbarrow
24:48 Loom
25:19 Husbandry
33:02 Imperial Age
30:53 Double-Bit Axe
30:52 Horse Collar
33:14 Heavy Scorpion
Cpt.MazZen
6:55 Loom
9:25 Feudal Age
10:07 Double-Bit Axe
12:48 Town Watch
14:00 Fletching
14:19 Horse Collar
17:10 Wheelbarrow
18:32 Padded Archer Armor
21:46 Castle Age
20:07 Gold Mining
21:32 Forging
21:25 Scale Mail Armor
21:22 Stone Mining
22:52 Bow Saw
22:44 Heavy Plow
22:08 Crossbowman
25:06 Thumb Ring
25:21 Hand Cart
25:38 Squires
28:54 Leather Archer Armor
28:57 Chain Mail Armor
29:18 Iron Casting
34:56 Bodkin Arrow
41:06 Imperial Age
38:38 Town Patrol
41:51 Elite Fire Lancer
42:59 Bracer
Connection lost

Rejoining the realm…

Still unreachable

The connection could not be restored.

Session expired

The server has moved on; the page needs a fresh start.